 Dungeon Crawl Stone Soup version 0.30-a0-341-g682706514a (webtiles) character file.

Game seed: 2260338374884767686

9632 Engwar the Destroyer (level 11, -10/84 HPs)
             Began as a Pale Draconian Venom Mage on Nov 4, 2022.
             Was a Priest of Vehumet.
             Killed from afar by a gargoyle (18 damage)
             ... with a stone arrow
             ... on level 10 of the Dungeon.
             The game lasted 00:44:21 (9961 turns).

Engwar the Destroyer (Pale Draconian Venom Mage)    Turns: 9961, Time: 00:44:22

Health: -10/84     AC: 15    Str: 10    XL:     11   Next: 25%
Magic:  23/23      EV: 13    Int: 24    God:    Vehumet [***...]
Gold:   1337       SH:  0    Dex: 14    Spells: 17/27 levels left

rFire   . . .      SeeInvis +    w - +7 trident of the Beast {flame, rCorr Int+4 Dex+2}
rCold   . . .      Faith    .    (no shield)
rNeg    . . .      Spirit   .    (body armour unavailable)
rPois   .          Reflect  .    c - +2 hat
rElec   .          Harm     .    s - +2 cloak
rCorr   +          Rampage  .    (no gloves)
Will    .....                    I - +2 pair of boots
Stlth   ++........               q - amulet of magic regeneration
HPRegen 0.34/turn                C - ring of see invisible
MPRegen 0.58/turn                (no ring)

@: no status effects
A: breathe steam, AC +7, unfitting armour, cold-blooded, steam resistance
a: Breathe Steam, Renounce Religion


You were on level 10 of the Dungeon.
You worshipped Vehumet.
Vehumet was most pleased with you.
You visited 2 branches of the dungeon, and saw 11 of its levels.

You collected 2106 gold pieces.
You spent 769 gold pieces at shops.

Inventory:

Hand Weapons
 w - the +7 trident of the Beast (weapon) {flame, rCorr Int+4 Dex+2}
   (You found it on level 5 of the Dungeon)

   It burns those it strikes, dealing additional fire damage.
   Int:       It affects your intelligence (+4).
   Dex:       It affects your dexterity (+2).
   rCorr:     It protects you from acid and corrosion.
 E - the +6 double sword "Faur Vife" {flame, rF+ Str+4}
   (You bought it in a shop on level 7 of the Dungeon)

   It burns those it strikes, dealing additional fire damage.
   Big, fiery blades are also staple armaments of hydra-hunters.
   Str:       It affects your strength (+4).
   rF:        It protects you from fire.
Missiles
 t - 3 throwing nets
Armour
 c - a +2 hat (worn)
 s - a +2 cloak (worn)
 x - a +2 kite shield
 F - a +0 pair of gloves
 I - a +2 pair of boots (worn)
Jewellery
 m - an amulet of regeneration
 o - a ring of fire
 q - an amulet of magic regeneration (around neck)
 y - a ring of flight
 C - a ring of see invisible (left hand)
Wands
 b - a wand of roots (14)
 j - a wand of paralysis (14)
 n - a wand of flame (16)
 D - a wand of quicksilver (3)
 J - a wand of digging (5)
Scrolls
 e - 8 scrolls of blinking
 g - 10 scrolls of teleportation
 u - a scroll of amnesia
 G - a scroll of enchant armour
 H - a scroll of identify
Potions
 a - a potion of magic
 f - 3 potions of ambrosia
 h - 3 potions of might
 i - 4 potions of attraction
 k - 5 potions of mutation
 l - 2 potions of brilliance
 p - 4 potions of curing
 r - a potion of cancellation {unknown}
 v - a potion of lignification {unknown}
 z - a potion of berserk rage {unknown}
 A - 5 potions of haste {unknown}
 B - 4 potions of flight {unknown}


   Skills:
 - Level 4.0 Fighting
 - Level 4.0 Dodging
 - Level 1.7 Stealth
 + Level 3.7 Shields
 + Level 8.8 Spellcasting
 + Level 10.7 Conjurations
 - Level 2.0 Transmutations
 - Level 2.1 Air Magic
 - Level 8.3 Poison Magic


You had 17 spell levels left.
You knew the following spells:

 Your Spells              Type           Power      Damage    Failure   Level
a - Sting                 Tmut/Pois      100%       1d8       1%          1
b - Poisonous Vapours     Pois/Air       70%        N/A       1%          2
c - Mephitic Cloud        Conj/Pois/Air  44%        N/A       1%          3
d - Olgreb's Toxic Radia  Pois           50%        N/A       1%          4

Your spell library contained the following spells:

 Spells                   Type           Power      Damage    Failure   Level
 Frozen Ramparts          Ice            20%        1d4       5%          3
 Stone Arrow              Conj/Erth      72%        3d11      1%          3
 Cigotuvi's Dreadful Rot  Necr/Pois/Air  54%        N/A       2%          2
 Slow                     Hex            40%        N/A       6%          1
 Confusing Touch          Hex            10%        N/A       19%         3
 Gell's Gravitas          Tloc           10%        N/A       19%         3
 Lesser Beckoning         Tloc           20%        N/A       19%         3
 Teleport Other           Tloc           10%        N/A       19%         3
 Vampiric Draining        Necr           10%        2d6       19%         3
 Iron Shot                Conj/Erth      18%        9d4       26%         6
 Dispel Undead            Necr           10%        3d9       52%         4
 Blade Hands              Tmut           10%        N/A       58%         5
 Death Channel            Necr           5%         N/A       100%        6
 Lehudib's Crystal Spear  Conj/Erth      18%        10d5      100%        8
 Animate Armour           Summ/Erth      Unusable   N/A       N/A         4

Dungeon Overview and Level Annotations

Branches:
Dungeon (10/15)            Temple (1/1) D:7            Lair (0/5) D:9
    Orc (0/2) D:9

Altars:
Ashenzari
Cheibriados
Dithmenos
Elyvilon
Fedhas
Gozag
Hepliaklqana
Kikubaaqudgha
Makhleb
Nemelex Xobeh
Okawaru
Qazlal
Ru
Sif Muna
Trog
Uskayaw
Vehumet
Wu Jian
Xom
Yredelemnul
Zin
The Shining One

Shops:
D:7 (   D:8 [   D:9 [

Portals:
Bailey: D:10


Innate Abilities, Weirdness & Mutations

You can breathe blasts of scalding, opaque steam.
Your pale cyan-grey scales are hard. (AC +7)
You cannot fit into any form of body armour.
You are cold-blooded and may be slowed by cold attacks.
You are immune to the effects of steam.


Message History

You hit the gargoyle. You burn the gargoyle.
The gargoyle is moderately damaged.
The gargoyle hits you but does no damage.
You hit the gargoyle but do no damage.
You tail-slap the gargoyle, but do no damage.
The gargoyle is moderately damaged.
The gargoyle hits you but does no damage.
The gargoyle hits you with a +0 mace!
You hit the gargoyle. You burn the gargoyle.
The gargoyle is heavily damaged.
The gargoyle hurls a stone arrow at you.
The stone arrow hits you!!
You barely miss the gargoyle.
The gargoyle is heavily damaged.
The gargoyle hits you but does no damage.
You hit the gargoyle. You burn the gargoyle.
The gargoyle is severely damaged.
The gargoyle hurls a stone arrow at you.
The stone arrow hits you!
* * * LOW HITPOINT WARNING * * *
The gargoyle hurls a stone arrow at you.
The stone arrow hits you but does no damage.
You feel much better.
The gargoyle hurls a stone arrow at you.
The stone arrow hits you!!
* * * LOW HITPOINT WARNING * * *
You closely miss the gargoyle.
Your tail-slap misses the gargoyle.
The gargoyle is severely damaged.
The gargoyle closely misses you.
You hit the gargoyle. You burn the gargoyle.
You tail-slap the gargoyle, but do no damage.
The gargoyle is almost destroyed.
The gargoyle hits you with a +0 mace.
* * * LOW HITPOINT WARNING * * *
Okay, then.
You hit the gargoyle but do no damage.
The gargoyle is almost destroyed.
The gargoyle hurls a stone arrow at you.
The stone arrow hits you!!
You die...

......................#
......................##
.......................#
........................
.................)......
........................
........................
...............#........
.......@......###....#..
.≈≈≈≈≈(9.......#....###.
.≈(..≈...............#..
.≈.∩>(..................
.≈...≈..................
.≈≈≈≈≈..................
............(...........
........................
.........#..


You could see a gargoyle.

Vanquished Creatures
  Lodul (D:10)
  A manticore (D:9)
  Maurice (D:8)
  A troll (D:9)
  A hornet (shapeshifter) (D:9)
  3 wyverns (D:9)
  A basilisk (D:9)
  15 yaks (D:9)
  Eustachio (D:5)
  An acid dragon (D:9)
  3 water moccasins
  4 orc warriors (D:9)
  A sky beast (D:6)
  3 black bears
  3 ice beasts
  7 centaurs
  7 ogres
  A phantom (D:7)
  A kobold brigand (D:8)
  2 necrophages
  A gnoll sergeant (D:8)
  6 bullfrogs
  A scorpion (D:6)
  8 wights (D:9)
  4 killer bees (D:9)
  3 howler monkeys
  3 hounds
  4 orc priests
  2 gnoll boudas
  Natasha (D:2)
  3 iguanas
  8 orc wizards
  A mummy (D:4)
  16 gnolls
  7 adders
  5 shadow imps
  2 ufetubi
  2 worms (D:2)
  2 dart slugs
  36 orcs
  8 endoplasms
  3 giant cockroaches (D:1)
  17 goblins
  7 hobgoblins
  2 jackals (D:2)
  6 quokkas
  12 ball pythons
  7 bats
  9 frilled lizards
  A hobgoblin zombie (D:4)
  12 kobolds
  2 kobold zombies (D:4)
  An orc zombie (D:4)
  4 rats
264 creatures vanquished.

Vanquished Creatures (others)
  3 bushes (D:9)
  11 fungi
  15 plants (D:9)
29 creatures vanquished.

Grand Total: 293 creatures vanquished

Notes
Turn   | Place    | Note
-------+----------+-------------------------------------------
     0 | D:1      | Engwar the Draconian Venom Mage began the quest for the
                  | Orb.
     0 | D:1      | Reached XP level 1. HP: 14/14 MP: 3/3
   230 | D:1      | Reached XP level 2. HP: 20/20 MP: 0/5
   233 | D:1      | Learned a level 2 spell: Poisonous Vapours
  1043 | D:1      | Reached XP level 3. HP: 26/26 MP: 4/6
  1047 | D:1      | Learned a level 3 spell: Mephitic Cloud
  1185 | D:2      | Noticed Natasha
  1194 | D:2      | Killed Natasha
  1574 | D:2      | Reached XP level 4. HP: 33/33 MP: 4/8
  1931 | D:2      | Reached skill level 1 in Air Magic
  2102 | D:2      | Identified the +1 robe of Plog {Str+3}
  3134 | D:4      | Identified a scroll of acquirement
  3134 | D:4      | Acquired 1246 gold pieces
  3168 | D:4      | Reached XP level 5. HP: 38/38 MP: 4/9
  3830 | D:4      | Reached XP level 6. HP: 45/45 MP: 2/11
  3840 | D:4      | Learned a level 4 spell: Olgreb's Toxic Radiance
  3974 | D:4      | Found an ancient bone altar of Kikubaaqudgha.
  4373 | D:5      | Entered Level 5 of the Dungeon
  4398 | D:5      | Reached skill level 1 in Fighting
  4398 | D:5      | Reached skill level 1 in Conjurations
  4398 | D:5      | Reached skill level 5 in Poison Magic
  4418 | D:5      | Noticed Eustachio
  4435 | D:5      | Killed Eustachio
  4436 | D:5      | Reached skill level 2 in Conjurations
  4436 | D:5      | Your scales start taking on a pale cyan-grey colour.
  4436 | D:5      | Reached XP level 7. HP: 55/55 MP: 13/13
  4436 | D:5      | Gained mutation: You are immune to the effects of steam.
                  | [Pale Draconian growth]
  4606 | D:5      | Identified the +2 ring mail of Distant Shores {Rampage rF-
                  | Str+5 Int+4}
  4627 | D:5      | Identified the +7 trident of the Beast {flame, rCorr Int+4
                  | Dex+2}
  4911 | D:5      | Reached skill level 3 in Conjurations
  5133 | D:6      | Reached XP level 8. HP: 52/66 MP: 8/14
  5298 | D:6      | Reached skill level 4 in Conjurations
  5767 | D:6      | Reached skill level 5 in Conjurations
  5807 | D:6      | Found a basalt altar of Yredelemnul.
  6205 | D:7      | Found a staircase to the Ecumenical Temple.
  6212 | D:7      | Reached XP level 9. HP: 71/71 MP: 15/15
  6223 | Temple   | Entered the Ecumenical Temple
  6235 | Temple   | Became a worshipper of Vehumet
  6344 | D:7      | Found a broken altar of Ashenzari.
  6380 | D:7      | Found Maqes's Antique Weapon Shoppe.
  6388 | D:7      | Bought a masterwork double sword for 460 gold pieces
  6388 | D:7      | Identified the +6 double sword "Faur Vife" {flame, rF+
                  | Str+4} (You bought it in a shop on level 7 of the Dungeon)
  6697 | D:8      | Reached skill level 6 in Conjurations
  6751 | D:8      | Found Zukitzong's Antique Armour Emporium.
  6759 | D:8      | Bought a pair of boots for 99 gold pieces
  6880 | D:8      | Found a stormy altar of Qazlal.
  7030 | D:8      | Reached * piety under Vehumet
  7030 | D:8      | Offered knowledge of Sandblast by Vehumet.
  7261 | D:8      | Noticed Maurice
  7274 | D:8      | Killed Maurice
  7275 | D:8      | Reached skill level 5 in Spellcasting
  7275 | D:8      | Reached skill level 7 in Conjurations
  7457 | D:9      | Reached skill level 8 in Conjurations
  7463 | D:9      | Reached XP level 10. HP: 71/78 MP: 17/19
  7568 | D:9      | Reached skill level 9 in Conjurations
  7976 | D:9      | Offered knowledge of Kiss of Death by Vehumet.
  8058 | D:9      | Reached ** piety under Vehumet
  8148 | D:9      | Found a staircase to the Orcish Mines.
  8173 | D:9      | Found a staircase to the Lair.
  8333 | D:9      | Found Achayfo's Antique Armour Emporium.
  8342 | D:9      | Found an iron altar of Okawaru.
  8363 | D:9      | Bought a pair of embroidered boots for 210 gold pieces
  8474 | D:9      | Noticed a manticore
  8481 | D:9      | Killed a manticore
  8540 | D:9      | Reached skill level 10 in Conjurations
  8541 | D:9      | Reached skill level 1 in Shields
  8543 | D:9      | Offered knowledge of Frozen Ramparts by Vehumet.
  8837 | D:9      | Reached XP level 11. HP: 83/84 MP: 23/23
  9515 | D:10     | Entered Level 10 of the Dungeon
  9811 | D:10     | Noticed Lodul
  9820 | D:10     | Reached *** piety under Vehumet
  9827 | D:10     | Killed Lodul
  9932 | D:10     | Found a flagged portal.
  9961 | D:10     | Killed from afar by a gargoyle

Illustrated notes

Levels and vault maps discovered:
D:1:      minmay_arrival_pointy, layout_basic, reono_crystal_passage,
          hangedman_abyss_or_decor_stabs, minmay_misc_feat_four_crosses
D:2:      layout_loops_ring, grunt_ministairs_8, uniq_natasha
D:3:      layout_rooms, chequers_serial_rivers_room_a, serial_park_tiny_1
D:4:      layout_basic, pf_just_have_faith, minmay_mini_ossuary
D:5:      layout_cave_pools, dreamdust_gnoll_farm, uniq_eustachio
D:6:      layout_basic, yredelemnul_altar_generic, minivault_22
D:7:      layout_cave_pools, nicolae_ashenzari_skybound,
          minmay_temple_entry_slanted, serial_shops, shop, serial_column_ruins,
          column_ruins_hut_pillars, column_ruins_open_small,
          column_ruins_columns_corner, column_ruins_corridor_straight,
          minmay_misc_feat_iff
D:8:      layout_loops_ring, grunt_qazlal_clouds, serial_shops,
          nicolae_shop_stone, uniq_maurice
D:9:      minmay_opposing_rooms, layout_layer_cave, kennysheep_okawaru_gauntlet,
          minmay_lair_entry_grove, hiddenorc1_lemuel, serial_shops, shop
D:10:     layout_big_octagon, enter_bailey_5, serial_rivers,
          chequers_serial_rivers_micro_c, chequers_serial_rivers_micro_b,
          chequers_serial_rivers_small_b, chequers_serial_rivers_marsh,
          uniq_lodul, uniq_sonja, uniq_grum
Temple:   sentei_temple_godly_chess

Skill      XL: |  1  2  3  4  5  6  7  8  9 10 11 |
---------------+----------------------------------+-----
Transmutations | 2 |  2.0
Spellcasting   | 3 4 6 8 |  8.8
Air Magic      | 1 2 |  2.1
Poison Magic   | 4 5 6 7 8 |  8.3
Fighting       | 2 4 |  4.0
Conjurations   | 2 3 5 8 10 | 10.7
Dodging        | 4 |  4.0
Shields        | 2 3 |  3.7
Stealth        | |  1.7

Action                   |  1- 3 |  4- 6 |  7- 9 | 10-12 || total
-------------------------+-------+-------+-------+-------++-------
Melee: Dagger            |    22 |   144 |    12 |       ||   178
       Tailslap          |     4 |    22 |    22 |    22 ||    70
       Punch             |       |     3 |     5 |       ||     8
       Trident           |       |       |   153 |   141 ||   294
 Cast: Sting             |    46 |    23 |    28 |    12 ||   109
       Poisonous Vapours |     7 |    33 |    14 |     6 ||    60
       Mephitic Cloud    |       |     2 |     5 |       ||     7
       Olgreb's Toxic Ra |       |       |     8 |    30 ||    38
  Use: Scroll            |       |    11 |     9 |     1 ||    21
       Potion            |       |       |       |     1 ||     1
 Stab: Confused          |       |     1 |     1 |       ||     2
       Sleeping          |       |       |     4 |       ||     4
       Distracted        |       |       |       |     1 ||     1
Armor: Skin              |     8 |    58 |    74 |    61 ||   201
Dodge: Dodged            |    19 |    93 |   107 |   117 ||   336

Table legend: (Time is in decaauts)
 A = Elapsed time spent in this place.
 B = Non-inter-level travel time spent in this place.
 C = Inter-level travel time spent in this place.
 D = Time resting spent in this place.
 E = Time spent auto-exploring this place.
 F = Levels seen in this place.
 G = Mean time per level.
                   A        B        C        D        E       F      G
               +--------+--------+--------+--------+--------+-----+--------+
         Total |  10059 |   9731 |    328 |    349 |   7260 |  11 |  914.5 |
       Dungeon |  10032 |   9704 |    328 |    349 |   7260 |  10 | 1003.2 |
        Temple |     26 |     26 |      0 |      0 |      0 |   1 |   26.0 |
               +--------+--------+--------+--------+--------+-----+--------+

Top non-repeatable levels by time:
     D:9: 2180 daAuts
     D:4: 1225 daAuts
     D:1: 1184 daAuts
     D:2: 1081 daAuts
     D:6: 920 daAuts
     D:3: 883 daAuts
     D:8: 865 daAuts
     D:5: 720 daAuts
     D:7: 671 daAuts
    D:10: 299 daAuts
  Temple: 26 daAuts
